AoeStats
← willrhyd

Lombardia

507344865Analyzed
4v4 RM · 14d ago on Sep 17, 2026· 33m 10s· 8 players
Game mode
Random Map
Map size
Large (8 player)
Population
200
Speed
Normal
Resources
Standard
Victory
Conquest
Starting age
Dark Age
Ending age
Imperial Age
RankedLock teamsTeams togetherTeam positionsShared explorationLock speedFull tech treeHidden civsTurbo modeCheats
Victory
Defeat
🇧🇷 Britons · Brazil
1508
+12
🇹🇷 Saracens · Türkiye
1500
+13
🇺🇸 Koreans · United States
1496
+13
🇨🇳 Magyars · China
1337
+18
🇫🇷 Magyars · France
1472
-16
🇵🇪 Persians · Peru
1422
-14
🇩🇪 Spanish · Germany
1401
-13
🇬🇧 Mongols · United Kingdom
1397
-13
CTM | KLIN
10:36 Feudal Age
11:04 Loom
14:11 Castle Age
13:01 Horse Collar
13:34 Double-Bit Axe
21:12 Scale Barding Armor
23:05 Husbandry
23:36 Forging
25:09 Bloodlines
26:35 Chain Barding Armor
28:17 Gold Mining
29:56 Iron Casting
willrhyd
6:45 Loom
8:57 Feudal Age
10:23 Double-Bit Axe
10:57 Horse Collar
19:53 Castle Age
21:01 Bow Saw
22:27 Wheelbarrow
23:35 Gold Mining
27:52 Hand Cart
29:12 Gold Shaft Mining
30:10 Padded Archer Armor
30:00 Fletching
32:47 Imperial Age
31:34 Bodkin Arrow
32:38 Ballistics
Wizo
7:16 Loom
9:57 Feudal Age
10:27 Double-Bit Axe
11:45 Horse Collar
13:17 Wheelbarrow
21:02 Castle Age
22:13 Bow Saw
22:30 Scale Barding Armor
28:06 Hand Cart
29:18 Fletching
30:01 Bloodlines
30:45 Chain Barding Armor
32:43 Husbandry
Aremenius
6:30 Loom
9:00 Feudal Age
9:38 Double-Bit Axe
14:35 Town Watch
16:08 Wheelbarrow
21:02 Castle Age
20:40 Scale Barding Armor
21:19 Fletching
22:14 Town Watch
23:11 Chain Barding Armor
24:03 Bow Saw
29:30 Bloodlines
DippityDang
8:23 Loom
11:47 Feudal Age
15:24 Castle Age
13:45 Double-Bit Axe
14:46 Fletching
15:19 Horse Collar
22:19 Bodkin Arrow
25:13 Bow Saw
26:36 Ballistics
27:52 Gold Mining
29:21 Wheelbarrow
31:53 Husbandry
p1c0
7:02 Loom
7:12 Loom
9:51 Feudal Age
11:14 Double-Bit Axe
13:26 Fletching
15:54 Padded Archer Armor
23:48 Castle Age
22:37 Gold Mining
23:51 Crossbowman
24:28 Bodkin Arrow
26:10 Ballistics
30:17 Gold Shaft Mining
Les Choristes
9:29 Feudal Age
8:59 Loom
10:35 Double-Bit Axe
12:17 Horse Collar
18:57 Wheelbarrow
20:44 Scale Barding Armor
20:51 Gold Mining
21:18 Bloodlines
24:30 Castle Age
23:01 Bloodlines
25:33 Chain Barding Armor
25:15 Husbandry
32:21 Bow Saw
W
11:02 Loom
12:47 Feudal Age
14:05 Double-Bit Axe
14:57 Horse Collar
17:23 Castle Age
15:48 Stone Mining
15:53 Gold Mining
19:24 Wheelbarrow
18:59 Bow Saw
22:15 Husbandry
23:24 Bloodlines
24:16 Scale Barding Armor
24:33 Bow Saw
26:08 Chain Barding Armor
26:56 Forging
28:02 Heavy Plow
28:18 Hand Cart
29:22 Iron Casting
35:22 Imperial Age
33:21 Town Watch
Connection lost

Rejoining the realm…

Still unreachable

The connection could not be restored.

Session expired

The server has moved on; the page needs a fresh start.